 Dungeon Crawl Stone Soup version 0.30-a0-585-g93115170b9 (console) character file.

Game seed: 17742357430824994015

507 jejorda2 the Poker (level 7, -2/56 HPs)
             Began as a Merfolk Berserker on Jan 2, 2023.
             Was a Believer of Trog.
             Splashed by a jelly's acid (10 damage)
             ... on level 4 of the Dungeon.
             The game lasted 00:04:58 (2508 turns).

jejorda2 the Poker (Merfolk Berserker)              Turns: 2508, Time: 00:04:59

Health: -2/56      AC: -1    Str: 20    XL:     7   Next: 18%
Magic:  7/7        EV: 13    Int:  6    God:    Trog [**....]
Gold:   167        SH:  0    Dex: 13    Spells: 6/6 levels left

rFire   . . .      SeeInvis .    a - +0 spear
rCold   + . .      Faith    .    (no shield)
rNeg    . . .      Spirit   .    c - +0 ring mail
rPois   .          Reflect  .    (no helmet)
rElec   .          Harm     .    (no cloak)
rCorr   .          Rampage  .    n - +0 pair of gloves
Will    .....                    (no boots)
Stlth   +                        (no amulet)
HPRegen 0.29/turn                i - ring of protection from cold
MPRegen 0.10/turn                (no ring)

@: corroded, on berserk cooldown, slowed, very slow
A: (nimble swimmer 2), mertail
a: Renounce Religion, Berserk, Trog's Hand


You were on level 4 of the Dungeon.
You worshipped Trog.
Trog was pleased with you.
You visited 1 branch of the dungeon, and saw 3 of its levels.

You collected 167 gold pieces.

Inventory:

Hand Weapons
 a - a +0 spear (weapon)
Missiles
 d - 3 stones (quivered)
Armour
 c - a +0 ring mail (worn)
 n - a +0 pair of gloves (worn)
Jewellery
 i - a ring of protection from cold (left hand)
Scrolls
 f - 2 scrolls of identify {unknown}
 g - a scroll of teleportation {unknown}
 h - a scroll of fear {unknown}
 j - a scroll of enchant armour {unknown}
 k - a scroll of brand weapon {unknown}
 l - a scroll of vulnerability {unknown}
Potions
 b - a potion of flight {unknown}
 e - a potion of berserk rage {unknown}
 m - a potion of curing {unknown}
 o - a potion of magic {unknown}


   Skills:
 + Level 5.1 Fighting
 * Level 7.9 Polearms
 - Level 1.3 Armour
 + Level 5.4 Dodging


You had 6 spell levels left.
You didn't know any spells.
Your spell library was empty.

Dungeon Overview and Level Annotations

Branches:
Dungeon (4/15)             Temple (0/1) D:4

Altars:
Dithmenos
Xom


Innate Abilities, Weirdness & Mutations

((You are very nimble when in or above water. (Stealth+, EV+, Speed+++)))
Your lower body shifts to a powerful aquatic tail in water.


Message History

You hit the ogre.
The ogre is severely wounded.
You barely miss the ogre.
The ogre is severely wounded.
You barely miss the ogre.
The ogre is severely wounded.
You puncture the ogre!
You kill the ogre!
Trog accepts your kill.
Your Fighting skill increases to level 5!
You have reached level 7!
You start resting.
You feel a strong urge to attack something.
You start resting.
You feel your anger nearly subside.
You are no longer berserk.
You are exhausted.
You feel yourself slow down.
A jelly comes into view.
A jelly is nearby!
You start resting.
A jelly is nearby!
You reach to attack!
You hit the jelly.
The jelly is lightly wounded.
You hit the jelly.
Your hands burn!
The jelly is heavily wounded.
The jelly hits you. The acid corrodes you!
You are splashed with acid!
You hit the jelly. The acid corrodes you!
Your hands burn!
The jelly is heavily wounded.
The jelly closely misses you.
You hit the jelly but do no damage.
Your hands burn!
* * * LOW HITPOINT WARNING * * *
The jelly is heavily wounded.
The jelly barely misses you.
You hit the jelly but do no damage.
Your hands burn!
* * * LOW HITPOINT WARNING * * *
The jelly is heavily wounded.
The jelly hits you.
* * * LOW HITPOINT WARNING * * *
You are splashed with acid!
You die...

#.. .... ##
#..# .. #.. .#
#.# .# #..##
##.# ..
#.)###..# #.
#...J@# .
#..#### #
##..## #
#####....##..
#
#..[........#
##.#<#####.###
##..#.# .# ##
##..##.# J.
.###......# ##


You could see a jelly.

Vanquished Creatures
  Grinder (D:4)
  An ogre (D:4)
  A phantom (D:4)
  An iguana (D:4)
  6 adders
  A shadow imp (D:4)
  2 worms
  3 dart slugs
  2 bats (D:1)
  4 endoplasms
  4 giant cockroaches
  5 goblins
  A hobgoblin (D:2)
  5 kobolds
  3 quokkas
  6 ball pythons
  3 rats (D:1)
  A bush (D:1)
50 creatures vanquished.

Vanquished Creatures (others)
  4 plants (D:1)
4 creatures vanquished.

Grand Total: 54 creatures vanquished

Notes
Turn   | Place    | Note
-------+----------+-------------------------------------------
     0 | D:1      | jejorda2 the Merfolk Berserker began the quest for the Orb.
     0 | D:1      | Reached XP level 1. HP: 18/18 MP: 1/1
   178 | D:1      | Reached XP level 2. HP: 23/24 MP: 2/2
  1735 | D:2      | Reached XP level 3. HP: 29/29 MP: 3/3
  1739 | D:2      | Reached skill level 5 in Polearms
  1871 | D:2      | Reached XP level 4. HP: 25/37 MP: 4/4
  2064 | D:2      | Reached ** piety under Trog
  2079 | D:2      | You fall into a shaft and drop 2 floors!
  2084 | D:4      | Found a shadowy altar of Dithmenos.
  2176 | D:4      | Noticed a phantom
  2185 | D:4      | Killed a phantom
  2186 | D:4      | Reached skill level 6 in Polearms
  2186 | D:4      | Reached XP level 5. HP: 42/42 MP: 5/5
  2385 | D:4      | Found a shimmering altar of Xom.
  2397 | D:4      | Found a staircase to the Ecumenical Temple.
  2405 | D:4      | Noticed Grinder
  2424 | D:4      | Killed Grinder
  2425 | D:4      | Reached skill level 7 in Polearms
  2425 | D:4      | Reached skill level 5 in Dodging
  2425 | D:4      | Reached XP level 6. HP: 50/50 MP: 6/6
  2495 | D:4      | Reached skill level 5 in Fighting
  2495 | D:4      | Reached XP level 7. HP: 45/56 MP: 7/7
  2508 | D:4      | Splashed by a jelly's acid

Illustrated notes

Levels and vault maps discovered:
D:1:      dpeg_arrival_shelter, layout_basic, serial_forest,
          infiniplex_forest_join, infiniplex_forest_end_3,
          infiniplex_forest_straight_3, infiniplex_forest_corner_1,
          infiniplex_forest_straight_5, infiniplex_forest_lined_room_2,
          infiniplex_forest_join, infiniplex_forest_lined_corner,
          infiniplex_forest_clump_diagonal
D:2:      layout_rooms, hangedman_decor_diamond_cutter
D:4:      layout_rooms, mainiacjoe_overflow_24_doors, xom_confusion_cloud,
          minmay_temple_entry_mist, uniq_grinder

Skill      XL: |  1  2  3  4  5  6 |
---------------+-------------------+-----
Dodging        | 3 4 5 |  5.4
Polearms       | 5 6 7 |  7.9
Fighting       | 4 5 |  5.1
Armour         | |  1.3

Action                   |  1- 3 |  4- 6 |  7- 9 || total
-------------------------+-------+-------+-------++-------
Melee: Spear             |   251 |    84 |     5 ||   340
       Punch             |     5 |       |       ||     5
Throw: Stone             |     4 |     8 |       ||    12
Invok: Berserk           |     1 |     4 |       ||     5
       Trog's Hand       |       |     1 |       ||     1
Armor: Ring mail         |    17 |    11 |       ||    28
Dodge: Dodged            |    25 |    36 |     2 ||    63

Table legend: (Time is in decaauts)
 A = Elapsed time spent in this place.
 B = Non-inter-level travel time spent in this place.
 C = Inter-level travel time spent in this place.
 D = Time resting spent in this place.
 E = Time spent auto-exploring this place.
 F = Levels seen in this place.
 G = Mean time per level.
                   A        B        C        D        E       F      G
               +--------+--------+--------+--------+--------+-----+--------+
         Total |   2486 |   2328 |    158 |    390 |   1467 |   3 |  828.7 |
       Dungeon |   2486 |   2328 |    158 |    390 |   1467 |   3 |  828.7 |
               +--------+--------+--------+--------+--------+-----+--------+

Top non-repeatable levels by time:
     D:1: 1693 daAuts
     D:4: 432 daAuts
     D:2: 360 daAuts
